 Dungeon Crawl Stone Soup version 0.18.1-50-g88ac8fd (webtiles) character file.

55770 varam the Unseen (level 14, -3/75 HPs)
             Began as a Spriggan Enchanter on Oct 13, 2016.
             Was the Champion of Kikubaaqudgha.
             Slain by a griffon (7 damage)
             ... on level 8 of the Lair of Beasts.
             The game lasted 02:12:09 (28107 turns).

varam the Unseen (Spriggan Enchanter)              Turns: 28107, Time: 02:12:09

Health: -3/75      AC:  6    Str:  4    XL:     14   Next: 39%
Magic:  16/30      EV:  4    Int: 21    God:    Kikubaaqudgha [******]
Gold:   1266       SH:  0    Dex: 17    Spells: 10 memorised, 4 levels left

rFire  . . .     SeeInvis +     w - +1 rapier "Emeurag" {venom, rC+ Stlth+}
rCold  + + .     Gourm    .     o - +1 robe {rC+}
rNeg   + + +     Faith    +     (shield restricted)
rPois  ∞         Spirit   .     N - +2 hat
rElec  .         Dismiss  .     s - +0 cloak {MR+}
rCorr  .         Reflect  .     (gloves unavailable)
SustAt .         Harm     .     (boots unavailable)
MR     ++++.                    l - amulet of faith
Stlth  +++++++++.               D - +4 ring of evasion
                                v - ring of protection from magic

@: petrified, very quick, incredibly resistant to hostile enchantments,
incredibly stealthy
A: unfitting armour, see invisible, herbivore 3, speed 3, slow metabolism 2
a: Receive Corpses, Torment, Renounce Religion


You were on level 8 of the Lair of Beasts.
You worshipped Kikubaaqudgha.
Kikubaaqudgha was exalted by your worship.
You were not hungry.

You visited 2 branches of the dungeon, and saw 18 of its levels.
You also visited: Ice Cave and Volcano.

You collected 1266 gold pieces.

Inventory:

Hand Weapons
 a - a +1 dagger
 w - the +1 rapier "Emeurag" (weapon) {venom, rC+ Stlth+}
   (You found it on level 9 of the Dungeon)

   It poisons the flesh of those it strikes.
   It protects you from cold.
   It makes you more stealthy.
Armour
 o - a +1 robe of cold resistance (worn)
 s - a +0 cloak of magic resistance (worn)
 N - a +2 hat (worn)
Jewellery
 l - an amulet of faith (around neck)
 v - a ring of protection from magic (left hand)
 D - a +4 ring of evasion (right hand)
 Y - an uncursed ring of protection from cold
Wands
 u - a wand of digging (10/24)
Scrolls
 b - a scroll of summoning
 f - a scroll of fog {unknown}
 g - 3 scrolls of recharging
 h - a scroll of immolation
 i - 9 scrolls of remove curse
 j - 2 scrolls of fear
 m - a scroll of holy word
 p - 2 scrolls of magic mapping
 q - 6 scrolls of teleportation
 A - 2 scrolls of amnesia {unknown}
 E - a scroll of blinking {unknown}
 G - 2 scrolls of noise {unknown}
Miscellaneous
 c - a lamp of fire
Comestibles
 d - 7 bread rations
 e - 7 slices of pizza


   Skills:
 * Level 9.1 Fighting
 - Level 10.1 Short Blades
 + Level 14.2 Dodging
 + Level 17.7 Stealth
 - Level 11.0 Spellcasting
 - Level 10.1 Hexes
 - Level 8.1 Necromancy


You had 4 spell levels left.
You knew the following spells:

 Your Spells              Type           Power        Failure   Level  Hunger
a - Ensorcelled Hibernat  Hex/Ice        ####..       1%          2    None
b - Corona                Hex            ######.      1%          1    None
c - Confuse               Hex            ######..     1%          3    None
d - Dazzling Spray        Conj/Hex       ####..       2%          3    None
e - Animate Dead          Necr           N/A          2%          4    #......
f - Pain                  Necr           ####         1%          1    None
g - Agony                 Necr           #####...     8%          5    ####...
h - Silence               Hex/Air        ####......   24%         5    ####...
i - Dispel Undead         Necr           #####...     8%          5    ####...
r - Shroud of Golubria    Chrm/Tloc      ##........   12%         2    None


Dungeon Overview and Level Annotations

Branches:
Dungeon (10/15)            Temple (0/1) D:5            Lair (8/8) D:9
 Shoals (0/4) Lair:4        Snake (0/4) Lair:6        Slime (0/6) Lair:7
    Orc: D:9-12

Altars:
Ashenzari
Cheibriados
Elyvilon
Fedhas
Kikubaaqudgha
Makhleb
Nemelex Xobeh
Qazlal
Trog
Vehumet
Xom
Zin
The Shining One

Annotations:
D:10 Maurice; olma's ghost, novice TrBe


Innate Abilities, Weirdness & Mutations

You are tiny and cannot use many weapons and most armour.
You have supernaturally acute eyesight.
You are a herbivore.
You cover ground extremely quickly.
You need consume almost no food.


Message History

You are engulfed in calcifying dust.
The griffon bites you. The griffon pecks you! The griffon claws you.
A komodo dragon comes into view.
You are engulfed in calcifying dust.
The griffon bites you. The griffon pecks you.
The griffon claws you but does no damage.
You are engulfed in calcifying dust.
The catoblepas is no longer blind.
The griffon bites you!
The griffon pecks you but does no damage.
The griffon claws you. The spiny frog stings you!
* * * LOW HITPOINT WARNING * * *
You are engulfed in calcifying dust.
The griffon barely misses you. The griffon completely misses you.
The griffon claws you!
* * * LOW HITPOINT WARNING * * *
The spiny frog stings you!!
* * * LOW HITPOINT WARNING * * *
You are engulfed in calcifying dust.
The spiny frog barely misses you. The griffon bites you!
You die...
Kikubaaqudgha rasps: "You have failed me!
Welcome... oblivion!"

#..YY....# #P...Z..Z..##
...YY...###..
##....##.#....
......####...
#.....#...#... ......#
..#. #P....#...##..
.Y..Y## ##...
######...#...##.. .Y...#
...#.. #...#...########Z
..Y.##
......##Z..#....P##.....
..Y.#
.....YH#ZZ.......##.....
#...##
......F@###......##.....
#Y...#
..####H........P.#......
..Y..#
#...........####.....
....## ...#........#.#
#..... #.(.##
#...#......P#### #....P
#....## ### ###...###
###... #.....### ###
###### ###....
#Y.....P###.# ##...#
##......
#.Y.........###....#
##.......


You could see a catoblepas, a griffon, a manticore, a spiny frog, a friendly
catoblepas zombie, a friendly black mamba skeleton and a friendly yak skeleton.

Vanquished Creatures
  The ghost of theElss the Blocker, a journeyman GrBe of Trog (Lair:7)
  Fannar (Lair:3)
  6 hydras
  A catoblepas (Lair:8)
  7 death yaks
  A fire crab (Lair:7)
  3 griffons
  A manticore (Lair:8)
  8 black mambas
  Joseph (D:9)
  8 elephants
  A centaur skeleton (D:10)
  18 spiny frogs
  2 torpor snails
  2 rime drakes
  7 komodo dragons
  An ice devil (Lair:5)
  2 red devils (Volcano)
  A troll (D:9)
  2 queen bees
  The ghost of lorenzova the Thaumaturge, a novice DECj (D:5)
  A polar bear (Lair:5)
  A two-headed ogre (D:9)
  Prince Ribbit (D:5)
  18 blink frogs
  Sigmund (D:2)
  2 wraiths (Lair:5)
  41 yaks
  7 basilisks
  12 hippogriffs
  Grum (D:8)
  A human (D:8)
  A hungry ghost (D:7)
  Menkaure (D:5)
  A mottled dragon (D:10)
  2 nagas (Lair:6)
  19 water moccasins
  8 porcupines
  A hell hound (Volcano)
  A black bear (D:7)
  An ice beast (D:10)
  5 orc warriors
  3 sky beasts
  An eye of draining (D:10)
  4 phantoms
  3 ogres
  14 crocodiles
  9 wolves
  8 centaurs
  Blork the orc (D:4)
  12 giant frogs
  4 scorpions
  A water moccasin skeleton (D:5)
  30 killer bees
  3 wights (D:9)
  A howler monkey (D:5)
  8 crimson imps
  2 hounds (D:9)
  13 jellies
  Crazy Yiuf (D:4)
  3 orc priests
  9 orc wizards
  2 giant frog skeletons
  Jessica (D:2)
  10 worker ants
  6 iguanas
  22 sheep
  A hound skeleton (D:6)
  A worker ant zombie (D:5)
  13 adders
  3 gnolls (D:7)
  32 river rats
  A shadow imp (D:4)
  12 white imps (Lair:5)
  7 oozes
  An adder zombie (D:6)
  2 adder skeletons
  3 worms
  3 dart slugs
  9 giant geckos
  33 orcs
  6 bats
  9 giant cockroaches
  6 goblins
  6 hobgoblins
  19 jackals
  10 kobolds
  2 quokkas
  9 ball pythons
  A giant gecko zombie (D:8)
  2 giant newts
  2 jackal skeletons
  4 rats
  3 fungi (Lair:8)
  7 plants (D:9)
579 creatures vanquished.

Vanquished Creatures (collateral kills)
  Rupert (Lair:6)
  Josephine (Lair:5)
  A griffon (Lair:8)
  A toenail golem (Volcano)
  A smoke demon (Volcano)
  A rime drake (Lair:6)
  2 wraiths (Lair:5)
  A hippogriff (Lair:8)
  2 nagas (Lair:6)
  A hell hound (Volcano)
  A giant frog (Lair:7)
  A killer bee (D:9)
  A sheep (Lair:7)
  6 fungi
21 creatures vanquished.

Vanquished Creatures (others)
  A bush (Lair:8)
  30 fungi
  16 plants
47 creatures vanquished.

Grand Total: 647 creatures vanquished

Notes
Turn   | Place    | Note
--------------------------------------------------------------
     0 | D:1      | varam the Spriggan Enchanter began the quest for the Orb.
     0 | D:1      | Reached XP level 1. HP: 9/9 MP: 5/5
   581 | D:1      | Reached XP level 2. HP: 13/13 MP: 3/6
   585 | D:1      | Learned a level 2 spell: Ensorcelled Hibernation
   707 | D:1      | Reached skill level 5 in Stealth
  1304 | D:2      | Reached XP level 3. HP: 16/16 MP: 8/8
  1696 | D:2      | Found a shattered altar of Ashenzari.
  2365 | D:2      | Reached skill level 6 in Stealth
  2492 | D:2      | Noticed Jessica
  2499 | D:2      | Killed Jessica
  2499 | D:2      | Reached XP level 4. HP: 21/21 MP: 9/9
  2970 | D:2      | Noticed Sigmund
  2973 | D:2      | Killed Sigmund
  2973 | D:2      | Reached skill level 7 in Stealth
  2973 | D:2      | Reached XP level 5. HP: 24/24 MP: 10/10
  3034 | D:2      | Reached skill level 8 in Stealth
  3067 | D:2      | Found a shimmering altar of Xom.
  3067 | D:2      | Found a snail-covered altar of Cheibriados.
  3405 | D:3      | Reached XP level 6. HP: 28/28 MP: 5/11
  3524 | D:3      | Learned a level 3 spell: Confuse
  3528 | D:3      | Learned a level 3 spell: Dazzling Spray
  4124 | D:3      | Reached skill level 5 in Short Blades
  4363 | D:3      | Found a glowing silver altar of Zin.
  4363 | D:3      | Found a glowing golden altar of the Shining One.
  4365 | D:3      | Found a white marble altar of Elyvilon.
  4535 | D:4      | Noticed Crazy Yiuf
  4539 | D:4      | Killed Crazy Yiuf
  4585 | D:4      | Noticed Blork the orc
  4603 | D:4      | Killed Blork the orc
  4765 | D:4      | Reached XP level 7. HP: 32/32 MP: 13/13
  4771 | D:4      | Found a blossoming altar of Fedhas.
  4774 | D:4      | Found an ancient bone altar of Kikubaaqudgha.
  4882 | D:4      | Became a worshipper of Kikubaaqudgha
  5145 | D:5      | Entered Level 5 of the Dungeon
  5145 | D:5      | Found a sparkling altar of Nemelex Xobeh.
  5710 | D:4      | Reached skill level 5 in Hexes
  6295 | D:5      | Reached skill level 1 in Fighting
  6447 | D:5      | Found a staircase to the Ecumenical Temple.
  6539 | D:5      | Noticed lorenzova's ghost (novice DECj)
  6558 | D:5      | Killed lorenzova's ghost
  6558 | D:5      | Reached XP level 8. HP: 39/39 MP: 8/15
  6734 | D:5      | Noticed Menkaure
  6746 | D:5      | Killed Menkaure
  6746 | D:5      | Reached skill level 5 in Dodging
  6746 | D:5      | Reached skill level 1 in Necromancy
  6750 | D:5      | Got an opalescent robe
  6761 | D:5      | Identified the cursed +1 robe of the Eagle {-Tele MR+ Int+6 SInv} (You found it on level 5 of the Dungeon)
  6918 | D:5      | Found a bloodstained altar of Trog.
  7001 | D:5      | Found a stormy altar of Qazlal.
  7259 | D:6      | Reached * piety under Kikubaaqudgha
  7259 | D:6      | Received a gift from Kikubaaqudgha
  7260 | D:6      | Identified Kikubaaqudgha's Tome of Evil Arts (Kikubaaqudgha gifted it to you on level 6 of the Dungeon)
  8168 | D:6      | Learned a level 5 spell: Silence
  8184 | D:6      | Reached XP level 9. HP: 44/44 MP: 8/16
  8251 | D:6      | Reached skill level 9 in Stealth
  8333 | D:6      | Noticed Prince Ribbit
  8441 | D:5      | Killed Prince Ribbit
  8558 | D:6      | Reached ** piety under Kikubaaqudgha
  8677 | D:6      | Learned a level 1 spell: Pain
  8984 | D:7      | Reached skill level 5 in Spellcasting
  9433 | D:6      | Reached skill level 10 in Stealth
  9959 | D:8      | Found a burning altar of Makhleb.
  9960 | D:8      | Found a radiant altar of Vehumet.
 10062 | D:8      | Reached *** piety under Kikubaaqudgha
 10062 | D:8      | Received a gift from Kikubaaqudgha
 10065 | D:8      | Identified Kikubaaqudgha's Almanac of Evil Rituals (Kikubaaqudgha gifted it to you on level 8 of the Dungeon)
 10183 | D:8      | Learned a level 5 spell: Agony
 10271 | D:8      | Reached XP level 10. HP: 50/50 MP: 20/20
 10299 | D:8      | Noticed Grum
 10300 | D:8      | Reached skill level 11 in Stealth
 10316 | D:8      | Killed Grum
 10728 | D:9      | Noticed Joseph
 10837 | D:9      | Killed Joseph
 10837 | D:9      | Reached skill level 12 in Stealth
 11045 | D:10     | Entered Level 10 of the Dungeon
 11100 | D:10     | Noticed Maurice
 11106 | D:10     | Noticed olma's ghost (novice TrBe)
 11371 | D:9      | Reached skill level 13 in Stealth
 11794 | D:9      | Found a staircase to the Lair.
 11849 | D:9      | Reached **** piety under Kikubaaqudgha
 12089 | Lair:1   | Entered Level 1 of the Lair of Beasts
 12372 | D:9      | Got a pitted rapier
 12373 | D:9      | Identified the cursed +1 rapier "Emeurag" {venom, rC+ Stlth+} (You found it on level 9 of the Dungeon)
 12702 | D:9      | Reached skill level 5 in Fighting
 12820 | D:9      | Reached XP level 11. HP: 45/56 MP: 1/21
 14148 | D:9      | Reached ***** piety under Kikubaaqudgha
 15128 | Lair:2   | Noticed an eight-headed hydra
 15447 | Lair:2   | Killed an eight-headed hydra
 15993 | Lair:2   | Reached skill level 10 in Short Blades
 16112 | Lair:2   | Reached skill level 5 in Necromancy
 16727 | Lair:3   | Reached skill level 14 in Stealth
 16735 | Lair:3   | Learned a level 4 spell: Animate Dead
 16880 | Lair:4   | Noticed an eight-headed hydra
 17021 | Lair:4   | Noticed a five-headed hydra
 17023 | Lair:4   | Reached XP level 12. HP: 57/61 MP: 24/24
 17030 | Lair:4   | Found a staircase to the Shoals.
 17223 | Lair:4   | Found a dark tunnel.
 17232 | Volcano  | Entered a volcano
 17705 | Volcano  | Reached skill level 10 in Hexes
 17750 | Volcano  | Reached skill level 10 in Dodging
 18094 | Lair:4   | Killed a five-headed hydra
 18185 | Lair:4   | Killed an eight-headed hydra
 18963 | Lair:3   | Reached skill level 15 in Stealth
 19002 | Lair:3   | Noticed Fannar
 19009 | Lair:3   | Killed Fannar
 19255 | Lair:3   | Reached ****** piety under Kikubaaqudgha
 19305 | Lair:3   | Received a gift from Kikubaaqudgha
 19701 | Lair:5   | Found a frozen archway.
 19769 | IceCv    | Entered an ice cave
 20360 | Lair:5   | Identified the Disquisition on Creative Orientation
 20364 | Lair:5   | Learned a level 2 spell: Shroud of Golubria
 20372 | Lair:5   | Noticed a seven-headed hydra
 20673 | Lair:5   | Killed a seven-headed hydra
 20673 | Lair:5   | Reached XP level 13. HP: 65/65 MP: 25/27
 21259 | Lair:6   | Reached skill level 10 in Spellcasting
 21319 | Lair:6   | Noticed Rupert
 21542 | Lair:7   | Found a staircase to the Slime Pits.
 21772 | Lair:7   | Noticed theElss's ghost (journeyman GrBe)
 21874 | Lair:7   | Killed theElss's ghost
 22269 | Lair:7   | Reached skill level 16 in Stealth
 22514 | Lair:8   | Entered Level 8 of the Lair of Beasts
 22683 | Lair:6   | Killed Rupert
 22907 | Lair:6   | Found a staircase to the Snake Pit.
 22972 | Lair:6   | Noticed Josephine
 23040 | Lair:5   | Killed Josephine
 25013 | Lair:8   | Reached skill level 17 in Stealth
 25384 | Lair:8   | Reached XP level 14. HP: 59/72 MP: 15/30
 25628 | D:9      | Learned a level 5 spell: Dispel Undead
 28107 | Lair:8   | Slain by a griffon

Skill      XL: |  1  2  3  4  5  6  7  8  9 10 11 12 13 14 |
---------------+-------------------------------------------+-----
Stealth        | 5 6 7 8 10 13 14 15 17 | 17.7
Short Blades   | 2 3 4 5 6 7 9 10 | 10.1
Spellcasting   | 3 4 6 7 9 11 | 11.0
Hexes          | 4 5 7 8 9 10 | 10.1
Fighting       | 2 3 4 5 6 7 9 |  9.1
Dodging        | 4 6 7 9 11 13 14 | 14.2
Necromancy     | 2 3 5 7 8 |  8.1

Action                   |  1- 3 |  4- 6 |  7- 9 | 10-12 | 13-15 || total
-------------------------+-------+-------+-------+-------+-------++-------
Melee: Dagger            |    64 |    81 |   262 |   157 |       ||   564
       Spear             |       |       |     9 |       |       ||     9
       Whip              |       |       |     7 |    11 |       ||    18
       Quarterstaff      |       |       |     4 |       |       ||     4
       Rapier            |       |       |       |   741 |   578 ||  1319
 Fire: Blowgun           |       |       |       |     1 |       ||     1
Throw: Stone             |       |     2 |     1 |       |       ||     3
 Cast: Corona            |     5 |     2 |       |       |       ||     7
       Ensorcelled Hiber |    25 |    27 |    53 |    47 |    26 ||   178
       Confuse           |       |     4 |    75 |   190 |   119 ||   388
       Dazzling Spray    |       |       |       |    19 |    70 ||    89
       Pain              |       |       |       |     6 |     1 ||     7
       Animate Dead      |       |       |       |     3 |    13 ||    16
       Agony             |       |       |       |     1 |     4 ||     5
       Silence           |       |       |       |       |     2 ||     2
Invok: Receive Corpses   |       |       |       |     7 |    11 ||    18
       Receive Necronomi |       |       |       |     1 |       ||     1
Evoke: Wand              |       |     1 |       |       |     1 ||     2
  Use: Scroll            |       |     1 |     9 |     8 |     1 ||    19
       Potion            |       |       |       |     1 |       ||     1
 Stab: Sleeping          |    34 |    28 |    62 |    73 |    58 ||   255
       Confused          |       |     3 |    40 |   105 |    59 ||   207
       Invisible         |       |       |       |    10 |    19 ||    29
       Distracted        |       |       |       |       |     4 ||     4
  Eat: Bread ration      |       |     1 |     2 |     1 |     1 ||     5
       Pizza             |       |       |       |     2 |     2 ||     4
Armor: Robe              |     7 |     3 |    15 |    17 |    30 ||    72
Dodge: Dodged            |    48 |    56 |   135 |   539 |   448 ||  1226
